AoeStats
← Der Sprudel

Arena

508603546Analyzed
1v1 RM · 9d ago on Sep 23, 2026· 18m 20s· 2 players
Game mode
Random Map
Map size
Tiny (2 player)
Population
200
Speed
Normal
Resources
Standard
Victory
Conquest
Starting age
Dark Age
Ending age
Imperial Age
RankedLock teamsTeams togetherTeam positionsShared explorationLock speedFull tech treeHidden civsTurbo modeCheats
Victory
Defeat
🇩🇪 Turks · Germany
1217
+18
🇺🇸 Romans · United States
1257
-18
Der Sprudel
10:49 Feudal Age
15:25 Castle Age
13:15 Double-Bit Axe
16:06 Horse Collar
squidapuss
9:11 Feudal Age
10:51 Loom
13:18 Castle Age
11:42 Double-Bit Axe
Connection lost

Rejoining the realm…

Still unreachable

The connection could not be restored.

Session expired

The server has moved on; the page needs a fresh start.